AoeStats
← ptr0000

Nomad

509682707Analyzed
2v2 RM · 5d ago on Sep 27, 2026· 42m 14s· 4 players
Game mode
Random Map
Map size
176×176
Population
200
Speed
Normal
Resources
Standard
Victory
Conquest
Starting age
Dark Age
Ending age
Imperial Age
RankedLock teamsTeams togetherTeam positionsShared explorationLock speedFull tech treeHidden civsTurbo modeCheats
Victory
Defeat
🇫🇷 Japanese · France
1179
+16
🇫🇷 Persians · France
1177
+16
🇺🇸 Wei · United States
1212
-18
🇨🇭 Koreans · Switzerland
1141
-14
Maitre Yoda
4:58 Loom
12:45 Feudal Age
13:46 Double-Bit Axe
17:01 Fletching
23:27 Castle Age
22:21 Town Watch
22:48 Gold Mining
24:16 Medium Warships
24:03 Bodkin Arrow
24:12 Light Cavalry
25:05 Bloodlines
25:48 Scale Barding Armor
25:54 Forging
29:33 Bow Saw
29:05 Horse Collar
30:43 Wheelbarrow
31:00 Husbandry
31:51 Chain Barding Armor
33:20 Iron Casting
38:43 Town Patrol
39:03 Hand Cart
38:58 Heavy Plow
38:56 Light Cavalry
44:03 Imperial Age
reez
10:21 Loom
12:36 Feudal Age
18:18 Castle Age
16:27 Fletching
16:32 Gold Mining
18:46 Padded Archer Armor
18:35 Double-Bit Axe
18:54 Crossbowman
20:27 Bodkin Arrow
25:17 Fishing Lines
27:08 Stone Mining
31:20 Pikeman
32:15 Scale Mail Armor
32:26 Forging
33:38 Squires
33:23 Arson
33:55 Chain Mail Armor
41:55 Wheelbarrow
42:04 Iron Casting
45:18 Imperial Age
ptr0000
8:26 Loom
13:09 Feudal Age
17:22 Castle Age
20:30 Medium Warships
shampoop
4:54 Loom
13:54 Feudal Age
14:13 Loom
14:31 Double-Bit Axe
14:28 Horse Collar
16:15 Wheelbarrow
16:25 Gold Mining
16:25 Stone Mining
22:24 Castle Age
23:28 Bow Saw
23:56 Gold Shaft Mining
23:36 Heavy Plow
25:26 Forging
26:58 Scale Barding Armor
28:43 Chain Barding Armor
29:34 Bloodlines
29:24 Husbandry
30:16 Iron Casting
37:23 Imperial Age
38:41 Ming Guang Armor
39:27 Blast Furnace
38:26 Elite Tiger Cavalry
Connection lost

Rejoining the realm…

Still unreachable

The connection could not be restored.

Session expired

The server has moved on; the page needs a fresh start.